 Dungeon Crawl Stone Soup version 0.21.1-1-g345015f (webtiles) character file.

147 inc the Chiller (level 5, -10/31 HPs)
             Began as an Octopode Ice Elementalist on June 17, 2018.
             Was a Follower of Vehumet.
             Mangled by Sigmund
             ... wielding a +0 scythe
              (11 damage)
             ... on level 3 of the Dungeon.
             The game lasted 00:04:58 (3540 turns).

inc the Chiller (Octopode Ice Elementalist)         Turns: 3540, Time: 00:04:58

Health: -10/31     AC:  1    Str: 12    XL:     5   Next: 29%
Magic:  0/8        EV: 13    Int: 18    God:    Vehumet [*.....]
Gold:   146        SH:  0    Dex: 13    Spells: 4/8 levels left

rFire    . . .     SeeInvis .   j - +1 mace (protect)
rCold    . . .     Gourm    .   (no shield)
rNeg     . . .     Faith    .   (helmet restricted)
rPois    .         Spirit   .   (no amulet)
rElec    .         Reflect  .   (no ring)
rCorr    .         Harm     .   (no ring)
MR       .....                  (no ring)
Stlth    +++.......             (no ring)
HPRegen  0.10/turn              (no ring)
MPRegen  0.11/turn              (no ring)
                                (no ring)
                                (no ring)

@: mighty
A: almost no armour, stealthy swim, amphibious, 8 rings, constrict 8, camouflage
1, gelatinous body 1
a: Renounce Religion


You were on level 3 of the Dungeon.
You worshipped Vehumet.
Vehumet was aware of your devotion.
You were not hungry.

You visited 1 branch of the dungeon, and saw 3 of its levels.

You collected 146 gold pieces.

Inventory:

Hand Weapons
 c - a -1 mace
 f - a +0 whip
 g - a -2 short sword
 j - a +1 mace of protection (weapon)
Jewellery
 e - a cursed ring of teleportation {unknown}
 k - a cursed ring of loudness {unknown}
Scrolls
 h - a scroll of blinking {unknown}
 i - 2 scrolls of remove curse
 l - 2 scrolls of teleportation {unknown}
 m - a scroll of fog {unknown}
 n - a scroll of identify
Potions
 d - a potion of cancellation
Books
 a - a book of Frost

   Spells                             Type                      Level
   a - Freeze                         Ice                          1
   b - Throw Frost                    Conjuration/Ice              2
   c - Ozocubu's Armour               Charms/Ice                   3
   d - Throw Icicle                   Conjuration/Ice              4
   e - Summon Ice Beast               Ice/Summoning                4
Comestibles
 b - 5 rations
 o - a chunk of flesh


   Skills:
 - Level 2.0 Dodging
 - Level 2.6 Stealth
 - Level 2.0 Spellcasting
   Level 1.0 Conjurations
 + Level 5.8 Ice Magic


You had 4 spell levels left.
You knew the following spells:

 Your Spells              Type           Power        Failure   Level  Hunger
a - Freeze                Ice            ###.         1%          1    #......
b - Ozocubu's Armour      Chrm/Ice       ##......     16%         3    ###....


Dungeon Overview and Level Annotations

Branches:
Dungeon (3/15)

Altars:
Sif Muna
Trog
Vehumet

Annotations:
D:3 Sigmund


Innate Abilities, Weirdness & Mutations

You cannot wear most types of armour.
You are very stealthy in the water. (Stealth+)
You are amphibious.
You can wear up to eight rings at the same time.
You can use your tentacles to constrict eight enemies at once.
Your skin changes colour to match your surroundings (Stealth+).
Your rubbery body absorbs attacks. (AC +1, EV +1)


Message History

You hear some strange, mumbled words.
A puff of flame appears from out of thin air!
The puff of flame misses you.
Casting: Freeze
Confirm with . or Enter, or press ? or * to list all spells.
You don't have enough magic to cast that spell.
You closely miss something. Something hits you.
* * * LOW HITPOINT WARNING * * *
It was a potion of cancellation.
Your magical effects are unravelling.
You feel magically purged.
Your icy armour evaporates.
You hear some strange, mumbled words.
A puff of flame appears from out of thin air!
The puff of flame hits you!
* * * LOW HITPOINT WARNING * * *
It was a potion of might.
You feel very mighty all of a sudden. Something hits you!
You die...

......+...≈#+.........+.......#
#######≈≈.≈##.........####...##
# ###+##.........## #.>##
####.....######.#####
##...###.........# ##'##
#.###.###.# #.# #.....#
..######.# #####.# .....w{@.#
#.# ..#####...# .#######.#
.....# .........# ##...##
########.# ##.############.#
#.. ...........# #.#
#####..##.## #.# #######.##..#
#.# #...........#


You could see a worm.

Vanquished Creatures
  A crimson imp (D:3)
  An orc wizard (D:3)
  2 adders
  A dart slug (D:2)
  3 leopard geckos
  4 orcs (D:3)
  8 bats
  2 giant cockroaches
  5 goblins
  8 hobgoblins
  4 jackals (D:2)
  5 frilled lizards
  5 kobolds
  7 rats
56 creatures vanquished.

Notes
Turn   | Place    | Note
-------+----------+-------------------------------------------
     0 | D:1      | inc the Octopode Ice Elementalist began the quest for the Orb.
     0 | D:1      | Reached XP level 1. HP: 11/11 MP: 3/3
   358 | D:1      | Reached XP level 2. HP: 16/17 MP: 1/5
  1354 | D:2      | Reached skill level 4 in Ice Magic
  1645 | D:2      | Found a deep blue altar of Sif Muna.
  1749 | D:2      | Reached XP level 3. HP: 20/21 MP: 3/6
  1805 | D:2      | Found a radiant altar of Vehumet.
  2010 | D:2      | Became a worshipper of Vehumet
  2222 | D:2      | HP: 1/21 [jackal (2)]
  2842 | D:3      | Reached skill level 5 in Ice Magic
  2842 | D:3      | Reached XP level 4. HP: 22/27 MP: 2/7
  3009 | D:3      | Reached XP level 5. HP: 31/31 MP: 4/8
  3010 | D:3      | Reached * piety under Vehumet
  3010 | D:3      | Offered knowledge of Magic Dart by Vehumet.
  3316 | D:3      | Learned a level 3 spell: Ozocubu's Armour
  3414 | D:3      | Found a bloodstained altar of Trog.
  3525 | D:3      | Noticed Sigmund
  3539 | D:3      | HP: 1/31 [something/puff of flame (8)]
  3540 | D:3      | Mangled by Sigmund

Skill      XL: |  1  2  3 |
---------------+----------+-----
Ice Magic      | 4 5 |  5.8
Dodging        | |  2.0
Stealth        | |  2.6
Spellcasting   | |  2.0
Conjurations   | |  1.0

Action                   |  1- 3 |  4- 6 || total
-------------------------+-------+-------++-------
Melee: Unarmed           |    10 |       ||    10
       Mace              |    35 |    17 ||    52
       Constrict         |    16 |     2 ||    18
       Tentacles         |     8 |     2 ||    10
       Short sword       |     4 |       ||     4
       Whip              |     2 |       ||     2
 Cast: Freeze            |    38 |    22 ||    60
       Ozocubu's Armour  |       |     2 ||     2
  Use: Scroll            |     4 |     1 ||     5
       Potion            |     1 |     2 ||     3
 Stab: Sleeping          |     4 |     1 ||     5
  Eat: Chunk             |     6 |     3 ||     9
Armor: Skin              |    18 |     2 ||    20
Dodge: Dodged            |    79 |    19 ||    98
